[ AOE2 MATCH · #507092607 ]
UnrankedTeutons vs Burmese
Player's team · WIN
Rival team · LOSS
[ REPLAY ANALYSIS · EXTRACTED FROM THE RECORDED GAME ]
Feudal
8:39
Castle
19:16
Imperial
40:28
| APM avg | 57.0 |
| APM peak | 98 |
| eAPM avg | 30.3 |
| Villagers / military | 200 / 234 |
Focus
⚔️ 40.3% · 🌾 59.7%
Spearman ×136 · Knight ×36 · Monk ×22 · Scorpion ×12 · Trebuchet (Packed) ×9 · Bombard Cannon ×8
Feudal
9:00
Castle
20:35
Imperial
37:52
| APM avg | 57.3 |
| APM peak | 93 |
| eAPM avg | 34.5 |
| Villagers / military | 205 / 253 |
Focus
⚔️ 41.7% · 🌾 58.3%
Spearman ×131 · Scout Cavalry ×73 · Arambai ×26 · Monk ×10 · Militia ×6 · Trebuchet (Packed) ×4
Match map
Initial resources + every placement click. Lines = walls · curves = elevation contours. ◆ gold · ⬟ stone · ● berries · ✦ relic · ◌ wall gap
Your base· Open — opponent sealed themselves in
★ DrumM ❿'s base· ✓ Closed at 20:35 · 52t walls · no gate
Smoothed initial terrain · ◌ = detected wall gap · hover for details
Inputs per minute
— Mycroft - - ★ DrumM ❿
Build order — Mycroft
First 150 of 560 actions detected
| 0:01 | Queue | Villager (Male) ×4 |
| 0:02 | Build | House |
| 0:03 | Build | House |
| 1:24 | Queue | Villager (Male) |
| 1:58 | Build | Lumber Camp |
| 2:00 | Queue | Villager (Male) |
| 2:20 | Build | House |
| 2:23 | Queue | Villager (Male) |
| 2:49 | Queue | Villager (Male) |
| 3:24 | Queue | Villager (Male) |
| 3:45 | Queue | Villager (Male) |
| 4:06 | Queue | Villager (Male) |
| 4:20 | Build | Mill |
| 4:30 | Queue | Villager (Male) |
| 4:54 | Queue | Villager (Male) |
| 5:24 | Queue | Villager (Male) |
| 5:27 | Queue | Villager (Male) |
| 5:51 | Research | Loom |
| 6:29 | Research | Feudal Age |
| 6:54 | Build | House |
| 6:54 | Build | Palisade Wall |
| 7:02 | Queue | Villager (Male) |
| 7:47 | Build | Barracks |
| 7:52 | Queue | Villager (Male) |
| 8:29 | Queue | Villager (Male) |
| 8:39 | Age | Feudal Age |
| 8:42 | Build | Stable |
| 8:44 | Research | Double-Bit Axe |
| 8:46 | Research | Horse Collar |
| 8:57 | Build | House |
| 9:01 | Build | Palisade Wall |
| 9:12 | Queue | Villager (Male) |
| 9:14 | Build | Farm |
| 9:31 | Build | Farm |
| 9:33 | Build | Farm |
| 9:42 | Build | Palisade Wall |
| 9:43 | Queue | Villager (Male) |
| 9:45 | Build | Palisade Wall |
| 9:46 | Queue | Villager (Male) |
| 9:57 | Build | Farm |
| 10:00 | Queue | Scout Cavalry |
| 10:00 | Queue | Scout Cavalry |
| 10:13 | Build | Farm |
| 10:14 | Build | Farm |
| 10:21 | Queue | Villager (Male) |
| 10:46 | Queue | Villager (Male) |
| 10:59 | Queue | Villager (Male) |
| 10:59 | Queue | Villager (Male) |
| 11:03 | Build | Farm |
| 11:33 | Queue | Villager (Male) |
| 11:35 | Queue | Scout Cavalry |
| 11:43 | Build | House |
| 11:51 | Build | Mining Camp |
| 12:02 | Queue | Scout Cavalry |
| 12:10 | Queue | Villager (Male) |
| 12:23 | Build | House |
| 12:34 | Queue | Villager (Male) |
| 12:43 | Queue | Scout Cavalry |
| 12:48 | Queue | Villager (Male) |
| 12:52 | Build | Farm |
| 12:55 | Build | House |
| 13:07 | Build | Farm |
| 13:11 | Queue | Villager (Male) |
| 13:16 | Build | Palisade Wall |
| 13:31 | Build | Farm |
| 13:34 | Queue | Villager (Male) |
| 13:40 | Build | Palisade Wall |
| 13:47 | Build | Palisade Wall |
| 13:47 | Build | Palisade Wall |
| 13:58 | Queue | Villager (Male) |
| 14:14 | Queue | Villager (Male) |
| 14:30 | Queue | Villager (Male) |
| 14:43 | Build | Farm |
| 14:52 | Queue | Villager (Male) |
| 15:21 | Build | Blacksmith |
| 15:25 | Queue | Villager (Male) |
| 15:27 | Queue | Villager (Male) |
| 15:48 | Queue | Villager (Male) |
| 16:15 | Queue | Villager (Male) |
| 16:36 | Research | Castle Age |
| 16:45 | Build | Stable |
| 16:47 | Build | Stable |
| 16:52 | Build | Stable |
| 16:55 | Build | Farm |
| 17:05 | Queue | Villager (Male) |
| 17:08 | Build | Palisade Wall |
| 17:32 | Research | Bloodlines |
| 17:42 | Queue | Villager (Male) |
| 17:51 | Build | Palisade Wall |
| 18:00 | Queue | Spearman |
| 18:09 | Queue | Villager (Male) |
| 18:12 | Build | Palisade Wall |
| 18:47 | Research | Forging |
| 19:16 | Age | Castle Age |
| 19:19 | Build | Monastery |
| 19:20 | Queue | Knight |
| 19:20 | Queue | Knight |
| 19:24 | Queue | Villager (Male) |
| 19:30 | Build | Farm |
| 19:34 | Research | Scale Barding Armor |
| 19:49 | Build | Farm |
| 19:55 | Queue | Villager (Male) |
| 20:01 | Queue | Monk |
| 20:02 | Queue | Monk |
| 20:03 | Queue | Villager (Male) |
| 20:16 | Build | Farm |
| 20:19 | Queue | Knight |
| 20:20 | Queue | Knight |
| 20:20 | Queue | Knight |
| 20:24 | Build | House |
| 20:28 | Queue | Villager (Male) |
| 20:45 | Queue | Knight |
| 20:52 | Queue | Monk |
| 20:58 | Queue | Knight |
| 21:06 | Build | Monastery |
| 21:14 | Queue | Villager (Male) |
| 21:17 | Build | House |
| 21:26 | Queue | Knight |
| 21:38 | Queue | Villager (Male) |
| 21:48 | Research | Sanctity |
| 21:52 | Queue | Villager (Male) |
| 21:57 | Queue | Villager (Male) |
| 22:03 | Build | Mining Camp |
| 22:17 | Queue | Knight |
| 22:17 | Queue | Knight |
| 22:20 | Research | Gold Mining |
| 22:21 | Research | Gold Mining |
| 22:21 | Queue | Villager (Male) |
| 22:22 | Queue | Villager (Male) |
| 22:27 | Build | House |
| 22:33 | Queue | Villager (Male) |
| 22:46 | Queue | Villager (Male) |
| 22:54 | Queue | Villager (Male) |
| 23:02 | Queue | Villager (Male) |
| 23:09 | Queue | Villager (Male) |
| 23:15 | Queue | Monk |
| 23:15 | Queue | Monk |
| 23:29 | Queue | Monk |
| 23:29 | Queue | Monk |
| 23:33 | Build | House |
| 23:35 | Build | Lumber Camp |
| 23:45 | Queue | Monk |
| 23:46 | Queue | Villager (Male) |
| 24:00 | Queue | Monk |
| 24:02 | Queue | Villager (Male) |
| 24:16 | Build | House |
| 24:22 | Queue | Villager (Male) |
| 24:23 | Research | Fervor |
| 24:25 | Queue | Monk |
| 24:26 | Queue | Villager (Male) |
Build order — ★ DrumM ❿
First 150 of 728 actions detected
| 0:00 | Queue | Villager (Male) |
| 0:02 | Build | House |
| 0:02 | Build | House |
| 0:07 | Queue | Villager (Male) |
| 0:13 | Queue | Villager (Male) |
| 0:13 | Queue | Villager (Male) |
| 1:26 | Queue | Villager (Male) |
| 1:46 | Build | Lumber Camp |
| 2:05 | Queue | Villager (Male) |
| 2:05 | Queue | Villager (Male) |
| 2:06 | Queue | Villager (Male) |
| 2:28 | Queue | Villager (Male) |
| 2:55 | Queue | Villager (Male) |
| 3:17 | Queue | Villager (Male) |
| 3:22 | Build | House |
| 3:25 | Build | House |
| 3:43 | Queue | Villager (Male) |
| 4:01 | Queue | Villager (Male) |
| 4:11 | Queue | Villager (Male) |
| 5:29 | Build | Barracks |
| 5:34 | Queue | Villager (Male) |
| 5:34 | Queue | Villager (Male) |
| 5:38 | Research | Loom |
| 5:50 | Build | House |
| 6:45 | Queue | Militia |
| 6:46 | Queue | Militia |
| 6:50 | Research | Feudal Age |
| 6:50 | Research | Feudal Age |
| 6:52 | Queue | Militia |
| 7:07 | Build | Palisade Wall |
| 7:08 | Build | Palisade Wall |
| 7:14 | Queue | Militia |
| 7:28 | Queue | Militia |
| 8:25 | Build | House |
| 8:27 | Build | Mill |
| 8:39 | Queue | Villager (Male) |
| 9:00 | Age | Feudal Age |
| 9:03 | Research | Man-at-Arms (upgrade) |
| 9:04 | Research | Man-at-Arms (upgrade) |
| 9:12 | Queue | Spearman |
| 9:13 | Queue | Villager (Male) |
| 9:27 | Queue | Villager (Male) |
| 9:34 | Build | Palisade Wall |
| 9:57 | Queue | Villager (Male) |
| 10:15 | Build | House |
| 10:16 | Build | Palisade Wall |
| 10:17 | Build | Palisade Wall |
| 10:20 | Build | Palisade Wall |
| 10:23 | Queue | Villager (Male) |
| 10:28 | Research | Horse Collar |
| 10:29 | Research | Horse Collar |
| 10:51 | Build | Palisade Wall |
| 10:55 | Queue | Villager (Male) |
| 11:01 | Build | Farm |
| 11:02 | Build | Farm |
| 11:02 | Build | Farm |
| 11:07 | Build | Farm |
| 11:12 | Queue | Villager (Male) |
| 11:22 | Build | Palisade Wall |
| 11:23 | Build | Palisade Wall |
| 11:36 | Build | Farm |
| 11:37 | Queue | Villager (Male) |
| 11:49 | Build | Palisade Wall |
| 11:51 | Build | Palisade Wall |
| 11:52 | Build | Palisade Wall |
| 11:54 | Build | Palisade Wall |
| 11:55 | Build | Palisade Wall |
| 12:09 | Build | Palisade Wall |
| 12:30 | Queue | Villager (Male) |
| 12:32 | Queue | Villager (Male) |
| 12:34 | Build | Farm |
| 12:35 | Build | Farm |
| 12:37 | Build | Farm |
| 12:39 | Build | Farm |
| 12:44 | Queue | Spearman |
| 12:47 | Build | Farm |
| 12:52 | Build | House |
| 12:57 | Queue | Villager (Male) |
| 12:59 | Build | Farm |
| 13:00 | Build | Farm |
| 13:04 | Research | Arson |
| 13:19 | Build | Farm |
| 13:22 | Queue | Villager (Male) |
| 13:30 | Build | Palisade Wall |
| 13:38 | Build | Farm |
| 13:53 | Queue | Villager (Male) |
| 14:17 | Build | Blacksmith |
| 14:22 | Queue | Villager (Male) |
| 14:28 | Build | House |
| 14:45 | Queue | Villager (Male) |
| 14:59 | Build | Market |
| 15:12 | Build | House |
| 15:12 | Queue | Villager (Male) |
| 15:23 | Build | Mining Camp |
| 15:29 | Research | Forging |
| 15:30 | Queue | Villager (Male) |
| 15:44 | Queue | Villager (Male) |
| 15:57 | Build | Farm |
| 16:08 | Queue | Villager (Male) |
| 16:20 | Queue | Militia |
| 16:25 | Build | Farm |
| 16:45 | Queue | Villager (Male) |
| 16:52 | Queue | Villager (Male) |
| 16:55 | Build | Farm |
| 17:13 | Queue | Villager (Male) |
| 17:28 | Queue | Villager (Male) |
| 17:42 | Research | Castle Age |
| 18:17 | Queue | Villager (Male) |
| 18:50 | Queue | Villager (Male) |
| 19:04 | Queue | Villager (Male) |
| 19:26 | Queue | Spearman |
| 19:51 | Queue | Spearman |
| 19:58 | Research | Scale Mail Armor |
| 20:17 | Build | House |
| 20:22 | Queue | Spearman |
| 20:32 | Queue | Spearman |
| 20:35 | Age | Castle Age |
| 20:36 | Build | Town Center |
| 20:48 | Queue | Villager (Male) |
| 20:53 | Research | Long Swordsman (upgrade) |
| 21:02 | Queue | Villager (Male) |
| 21:04 | Build | Monastery |
| 21:10 | Queue | Spearman |
| 21:14 | Build | Town Center |
| 21:20 | Research | Heavy Plow |
| 21:28 | Research | Pikeman (upgrade) |
| 21:33 | Queue | Villager (Male) |
| 21:33 | Queue | Villager (Male) |
| 21:36 | Research | Wheelbarrow |
| 21:40 | Build | House |
| 21:41 | Build | Palisade Wall |
| 21:45 | Queue | Monk |
| 21:55 | Queue | Spearman |
| 21:57 | Queue | Villager (Male) |
| 22:07 | Research | Fervor |
| 22:10 | Build | Monastery |
| 22:11 | Queue | Villager (Male) |
| 22:11 | Queue | Villager (Male) |
| 22:18 | Build | Farm |
| 22:19 | Build | Farm |
| 22:28 | Queue | Spearman |
| 22:28 | Queue | Spearman |
| 22:36 | Queue | Villager (Male) |
| 22:37 | Queue | Villager (Male) |
| 22:39 | Build | Farm |
| 22:59 | Queue | Spearman |
| 22:59 | Queue | Spearman |
| 23:05 | Queue | Spearman |
| 23:05 | Queue | Spearman |
| 23:05 | Queue | Spearman |
Match timeline
| 5:29 | ★ DrumM ❿ · first_building Barracks |
| 6:54 | Mycroft · wall_segment Palisade Wall x1 |
| 7:07 | ★ DrumM ❿ · wall_segment Palisade Wall x5 |
| 7:08 | ★ DrumM ❿ · wall_segment Palisade Wall x6 |
| 7:47 | Mycroft · first_building Barracks |
| 8:39 | Mycroft · age_up feudal |
| 8:42 | Mycroft · first_building Stable |
| 9:00 | ★ DrumM ❿ · age_up feudal |
| 9:01 | Mycroft · wall_segment Palisade Wall x3 |
| 9:34 | ★ DrumM ❿ · wall_segment Palisade Wall x4 |
| 9:42 | Mycroft · wall_segment Palisade Wall x3 |
| 9:45 | Mycroft · wall_segment Palisade Wall x1 |
| 10:16 | ★ DrumM ❿ · wall_segment Palisade Wall x8 |
| 10:17 | ★ DrumM ❿ · wall_segment Palisade Wall x7 |
| 10:20 | ★ DrumM ❿ · wall_segment Palisade Wall x1 |
| 10:51 | ★ DrumM ❿ · wall_segment Palisade Wall x7 |
| 11:22 | ★ DrumM ❿ · wall_segment Palisade Wall x8 |
| 11:23 | ★ DrumM ❿ · wall_segment Palisade Wall x6 |
| 11:49 | ★ DrumM ❿ · wall_segment Palisade Wall x1 |
| 11:51 | ★ DrumM ❿ · wall_segment Palisade Wall x1 |
| 11:52 | ★ DrumM ❿ · wall_segment Palisade Wall x1 |
| 11:54 | ★ DrumM ❿ · wall_segment Palisade Wall x1 |
| 11:55 | ★ DrumM ❿ · wall_segment Palisade Wall x1 |
| 12:09 | ★ DrumM ❿ · wall_segment Palisade Wall x1 |
| 13:16 | Mycroft · wall_segment Palisade Wall x1 |
| 13:30 | ★ DrumM ❿ · wall_segment Palisade Wall x1 |
| 13:40 | Mycroft · wall_segment Palisade Wall x3 |
| 13:47 | Mycroft · wall_segment Palisade Wall x14 |
| 13:47 | Mycroft · wall_segment Palisade Wall x1 |
| 17:08 | Mycroft · wall_segment Palisade Wall x1 |
| 17:37 | ★ DrumM ❿ · first_market_sell 100 wood |
| 17:39 | ★ DrumM ❿ · first_market_buy 100 food |
| 17:51 | Mycroft · wall_segment Palisade Wall x1 |
| 18:12 | Mycroft · wall_segment Palisade Wall x1 |
| 19:16 | Mycroft · age_up castle |
| 19:19 | Mycroft · first_building Monastery |
| 20:35 | ★ DrumM ❿ · age_up castle |
| 21:04 | ★ DrumM ❿ · first_building Monastery |
| 21:41 | ★ DrumM ❿ · wall_segment Palisade Wall x1 |
| 25:37 | Mycroft · first_building Siege Workshop |
| 30:47 | ★ DrumM ❿ · first_building Castle |
| 33:47 | Mycroft · wall_segment Palisade Wall x7 |
| 34:41 | Mycroft · first_building Castle |
| 35:17 | ★ DrumM ❿ · first_building Stable |
| 37:52 | ★ DrumM ❿ · age_up imperial |
| 40:20 | Mycroft · first_market_buy 100 stone |
| 40:28 | Mycroft · age_up imperial |
| 45:47 | Mycroft · wall_segment Palisade Wall x1 |
| 46:31 | ★ DrumM ❿ · first_building Siege Workshop |
| 49:09 | Mycroft · wall_segment Stone Wall x9 |
| 49:46 | Mycroft · first_market_sell 500 wood |
| 50:29 | ★ DrumM ❿ · resign |
[ AI ANALYSIS · 1 CREDIT ]
What really happened in this match?
Wolo.gg analyzes every decision: build order, eco, micro, common mistakes by bracket. Personalized analysis on WhatsApp or Discord in 30 seconds.
Civ guide
Teutons
Perfil
Jugador #10806702